AoeStats
← Harmattan 05

MegaRandom

504854913Analyzed
1v1 RM · 24d ago on Sep 6, 2026· 104m 36s· 2 players
Game mode
Random Map
Map size
Tiny (2 player)
Population
200
Speed
Normal
Resources
Standard
Victory
Conquest
Starting age
Dark Age
Ending age
Imperial Age
RankedLock teamsTeams togetherTeam positionsShared explorationLock speedFull tech treeHidden civsTurbo modeCheats
Victory
Defeat
🇸🇰 Portuguese · Slovakia
59
+19
🇫🇷 Vikings · France
125
-19
b.sadowski
13:39 Feudal Age
23:29 Castle Age
23:38 Wheelbarrow
23:07 Gold Mining
23:09 Stone Mining
23:13 Horse Collar
36:48 Imperial Age
34:57 Hand Cart
40:35 Arquebus
40:51 Scale Barding Armor
40:47 Scale Mail Armor
40:48 Padded Archer Armor
40:39 Fletching
42:53 Chain Barding Armor
42:49 Chain Mail Armor
42:50 Leather Archer Armor
43:39 Double-Bit Axe
46:05 Chemistry
45:17 Fortified Wall
44:48 Treadmill Crane
45:30 Ballistics
45:31 Bow Saw
47:18 Plate Barding Armor
46:40 Bodkin Arrow
46:54 Heavy Plow
48:06 Crop Rotation
54:15 Plate Mail Armor
54:16 Ring Archer Armor
53:58 Forging
53:57 Thumb Ring
54:18 Masonry
54:04 Murder Holes
54:00 Heated Shot
54:33 Bombard Tower
55:35 Two-Man Saw
55:47 Husbandry
55:58 Bloodlines
55:09 Light Cavalry
55:38 Arson
55:15 Man-at-Arms
55:46 Loom
55:47 Town Watch
55:49 Crossbowman
57:37 Architecture
56:52 Arbalester
60:11 Bracer
60:47 Iron Casting
59:46 Pikeman
60:40 Cavalier
66:57 Elite Skirmisher
74:44 Elite Organ Gun
79:57 Gambesons
79:32 Long Swordsman
81:21 Blast Furnace
82:05 Two-Handed Swordsman
Harmattan 05
0:34 Loom
16:36 Feudal Age
18:44 Town Watch
18:57 Double-Bit Axe
18:56 Horse Collar
19:33 Gold Mining
19:34 Stone Mining
26:32 Castle Age
28:05 Bow Saw
28:00 Heavy Plow
33:06 Gold Shaft Mining
34:26 Fletching
38:58 Murder Holes
39:18 Fortified Wall
40:22 Bodkin Arrow
44:15 Imperial Age
44:26 Town Patrol
49:02 Crop Rotation
51:41 Bracer
53:44 Two-Man Saw
53:54 Siege Engineers
53:41 Heated Shot
54:53 Chemistry
54:55 Fishing Lines
55:10 Arrowslits
54:57 Light Cavalry
55:30 Gambesons
55:46 Squires
55:32 Arson
55:09 Pikeman
57:19 Ballistics
56:42 Treadmill Crane
57:52 Guard Tower
58:13 Masonry
58:11 Chieftains
58:33 Conscription
60:22 Hoardings
59:19 Sappers
59:51 Bogsveigar
61:04 Elite Berserk
62:54 Architecture
62:36 Scale Barding Armor
62:42 Forging
62:33 Scale Mail Armor
62:34 Padded Archer Armor
63:54 Elite Skirmisher
64:00 Crossbowman
67:25 Chain Mail Armor
69:28 Plate Mail Armor
71:06 Iron Casting
70:54 Leather Archer Armor
84:40 Blast Furnace
84:01 Chain Barding Armor
84:13 Ring Archer Armor
Connection lost

Rejoining the realm…

Still unreachable

The connection could not be restored.

Session expired

The server has moved on; the page needs a fresh start.